 Dungeon Crawl Stone Soup version 0.27.1-1-g398f81649c (webtiles) character file.

Game seed: 2400061684710427372

186 chaosape the Magician (level 5, -3/43 HPs)
             Began as a Gnoll Wanderer on Sept 16, 2021.
             Slain by an orc (5 damage)
             ... on level 3 of the Dungeon.
             The game lasted 00:20:51 (3773 turns).

chaosape the Magician (Gnoll Wanderer)              Turns: 3773, Time: 00:20:51

Health: -3/43      AC:  6    Str: 11    XL:     5   Next: 66%
Magic:  1/12       EV: 11    Int: 14    God:
Gold:   49         SH:  0    Dex: 10    Spells: 13/14 levels left

rFire    . . .     SeeInvis .   o - +4 club (spect)
rCold    . . .     Faith    .   (no shield)
rNeg     . . .     Spirit   .   m - +0 leather armour {Will+}
rPois    .         Reflect  .   i - +1 helmet
rElec    .         Harm     .   (no cloak)
rCorr    .         Rampage  .   g - +0 pair of gloves
Will     +....                  (no boots)
Stlth    ++........             (no amulet)
HPRegen  0.14/turn              (no ring)
MPRegen  0.13/turn              (no ring)

@: no status effects
A: fangs 1, strong nose, distributed training
a: no special abilities


You were on level 3 of the Dungeon.
You visited 1 branch of the dungeon, and saw 3 of its levels.

You collected 49 gold pieces.

Inventory:

Hand Weapons
 a - a +0 short sword
 f - a +0 dagger
 k - a +0 hunting sling
 o - a +4 spectral club (weapon)
Missiles
 d - 32 sling bullets
 h - 8 javelins
 r - 3 boomerangs
Armour
 c - a +0 robe
 e - a +0 ring mail
 g - a +0 pair of gloves (worn)
 i - a +1 helmet (worn)
 m - a +0 leather armour of willpower (worn)
Scrolls
 j - a scroll of blinking {unknown}
 l - 2 scrolls of summoning
 q - a scroll of teleportation {unknown}
Potions
 n - a potion of flight {unknown}
 p - a potion of attraction {unknown}
Miscellaneous
 b - a piece from Xom's chessboard (15/15)


   Skills:
 + Level 4.8 Fighting
 + Level 1.6 Short Blades
 + Level 1.6 Long Blades
 + Level 1.6 Axes
 + Level 1.6 Maces & Flails
 + Level 4.8 Polearms
 + Level 1.6 Staves
 + Level 1.6 Slings
 + Level 1.6 Bows
 + Level 1.6 Crossbows
 + Level 3.0 Throwing
 + Level 1.6 Armour
 + Level 1.6 Dodging
 + Level 2.8 Stealth
 + Level 1.6 Shields
 + Level 1.6 Unarmed Combat
 + Level 5.2 Spellcasting
 + Level 1.2 Conjurations
 + Level 1.2 Hexes
 + Level 1.2 Summonings
 + Level 1.2 Necromancy
 + Level 1.2 Translocations
 + Level 1.2 Transmutations
 + Level 2.4 Fire Magic
 + Level 1.2 Ice Magic
 + Level 1.2 Air Magic
 + Level 1.2 Earth Magic
 + Level 1.2 Poison Magic
 + Level 1.8 Invocations
 + Level 3.0 Evocations


You had 13 spell levels left.
You knew the following spells:

 Your Spells              Type           Power      Damage    Failure   Level
a - Foxfire               Conj/Fire      32%        2x1d5     11%         1

Your spell library contained the following spells:

 Spells                   Type           Power      Damage    Failure   Level
 Conjure Flame            Conj/Fire      8%         6-21      30%         3
 Inner Flame              Hex/Fire       8%         N/A       30%         3
 Sticky Flame             Conj/Fire      8%         2d3       71%         4
 Fireball                 Conj/Fire      4%         3d4       96%         5


Dungeon Overview and Level Annotations

Branches:
Dungeon (3/15)

Altars:
Sif Muna
Uskayaw

Shops:
D:1 [   D:2 =*(


Innate Abilities, Weirdness & Mutations

You have very sharp teeth.
Your uncanny sense of smell can sniff out nearby items.
Your experience applies equally to all skills.


Message History

The foxfire hits the orc priest.
You kill the orc priest!
An orc comes into view. It is wielding a +0 whip.
Casting: Foxfire (safe; 11% risk of failure)
Confirm with . or Enter, or press ? or * to list all spells.
You conjure some foxfire!
The orc shouts!
The foxfire hits the orc.
The orc is moderately wounded.
The foxfire hits the orc but does no damage.
The orc is moderately wounded.
An orc comes into view. It is wielding a +0 dagger.
Casting: Foxfire (safe; 11% risk of failure)
Confirm with . or Enter, or press ? or * to list all spells.
You conjure some foxfire!
The foxfire hits the orc but does no damage.
The orc is moderately wounded.
The foxfire hits the orc.
The orc is heavily wounded.
The orc barely misses you.
You see here a +0 short sword.
You are too injured to fight recklessly!
You hit the orc.
The orc is severely wounded.
Your +4 spectral club barely misses the orc.
The orc hits you with a +0 morningstar.
* * * LOW HITPOINT WARNING * * *
Casting: Foxfire (safe; 11% risk of failure)
Confirm with . or Enter, or press ? or * to list all spells.
You conjure some foxfire!
The orc closely misses you.
The foxfire hits the orc.
The orc is heavily wounded.
The foxfire hits the orc but does no damage.
The orc is heavily wounded.
Casting: Foxfire (safe; 11% risk of failure)
Confirm with . or Enter, or press ? or * to list all spells.
You conjure some foxfire!
The orc hits you with a +0 morningstar.
* * * LOW HITPOINT WARNING * * *
The orc hits you with a +0 whip.
You die...

####.......................
...........................
..............).........>..
...........................
............)..)...<.......
......)..o..)..............
............§..............
.........).o§v.............
####....)..o@.......#......
####.####v.......#......
.... #........#......
#...†. #........#......
#...... #........
....._..∆.........
.+#$.†....#........ #...†
#........


You could see 3 orcs.

Vanquished Creatures
  2 orc priests (D:3)
  Jessica (D:2)
  Robin (D:2)
  2 adders (D:2)
  3 dart slugs (D:1)
  3 orcs (D:3)
  6 endoplasms
  A giant cockroach (D:1)
  15 goblins
  6 hobgoblins
  5 kobolds
  8 ball pythons
  5 bats
  3 frilled lizards
  5 rats
66 creatures vanquished.

Vanquished Creatures (others)
  167 foxfires
  4 fungi (D:1)
  5 plants
176 creatures vanquished.

Grand Total: 242 creatures vanquished

Notes
Turn   | Place    | Note
-------+----------+-------------------------------------------
     0 | D:1      | chaosape the Gnoll Wanderer began the quest for the Orb.
     0 | D:1      | chaosape set off with the following items: a +0 short
                  | sword, a piece from Xom's chessboard (15/15), a +0 robe;
                  | and the following spell memorised: Foxfire; and the
                  | following spells available to memorise: Conjure Flame,
                  | Inner Flame, Sticky Flame, Fireball
     0 | D:1      | Reached XP level 1. HP: 20/20 MP: 6/6
     5 | D:1      | Found Xorod's Armour Emporium.
    86 | D:1      | Found a faded altar of an unknown god.
   249 | D:1      | Reached XP level 2. HP: 16/26 MP: 4/7
   784 | D:1      | Reached XP level 3. HP: 31/31 MP: 5/9
   788 | D:1      | Reached skill level 5 in Spellcasting
  1390 | D:2      | Reached skill level 1 in Invocations
  1948 | D:2      | Found Weull's Weapon Boutique.
  2212 | D:2      | Reached skill level 1 in Short Blades
  2212 | D:2      | Reached skill level 1 in Long Blades
  2212 | D:2      | Reached skill level 1 in Axes
  2212 | D:2      | Reached skill level 1 in Maces & Flails
  2212 | D:2      | Reached skill level 1 in Staves
  2212 | D:2      | Reached skill level 1 in Slings
  2212 | D:2      | Reached skill level 1 in Bows
  2212 | D:2      | Reached skill level 1 in Crossbows
  2212 | D:2      | Reached skill level 1 in Armour
  2212 | D:2      | Reached skill level 1 in Dodging
  2212 | D:2      | Reached skill level 1 in Shields
  2212 | D:2      | Reached skill level 1 in Unarmed Combat
  2220 | D:2      | Noticed Robin
  2232 | D:2      | Reached XP level 4. HP: 27/38 MP: 1/11
  2349 | D:2      | Killed Robin
  2638 | D:2      | Found a shimmering blue altar of Sif Muna.
  2772 | D:2      | Found Locomu's Jewellery Shop.
  2849 | D:2      | Found Utiettonu's Antique Weapon Boutique.
  2872 | D:2      | Reached skill level 1 in Conjurations
  2872 | D:2      | Reached skill level 1 in Hexes
  2872 | D:2      | Reached skill level 1 in Summonings
  2872 | D:2      | Reached skill level 1 in Necromancy
  2872 | D:2      | Reached skill level 1 in Translocations
  2872 | D:2      | Reached skill level 1 in Transmutations
  2872 | D:2      | Reached skill level 1 in Ice Magic
  2872 | D:2      | Reached skill level 1 in Air Magic
  2872 | D:2      | Reached skill level 1 in Earth Magic
  2872 | D:2      | Reached skill level 1 in Poison Magic
  3110 | D:2      | Found Gopnel's Assorted Antiques.
  3110 | D:2      | Noticed Jessica
  3138 | D:2      | Killed Jessica
  3139 | D:2      | Reached XP level 5. HP: 38/43 MP: 2/12
  3373 | D:2      | Found Zagigg's Antique Weapon Emporium.
  3756 | D:3      | Found a hide-covered altar of Uskayaw.
  3773 | D:3      | HP: 2/43 [orc (6)]
  3773 | D:3      | Slain by an orc

Illustrated notes

Levels and vault maps discovered:
D:1:      doesnt_arrival_eight_statues, layout_loops_cross, serial_shops, shop,
          dreamdust_ecumenical_altar_grove, minmay_ruptured
D:2:      layout_basic, basic_altar, serial_shops, nicolae_diamond_shop, shop,
          nicolae_shop_overgrown_old_shop,
          nicolae_shop_competitors_out_of_business,
          nicolae_shop_overgrown_old_shop, uniq_robin, uniq_jessica
D:3:      layout_basic, nicolae_uskayaw_murder_on_the_dancefloor,
          portal_sewer_entry_b, kennysheep_generic_room_14, uniq_terence

Skill      XL: |  1  2  3  4  5 |
---------------+----------------+-----
Fire Magic     | 2 |  2.4
Spellcasting   | 5 |  5.2
Invocations    | 1 |  1.8
Short Blades   | 1 |  1.6
Long Blades    | 1 |  1.6
Axes           | 1 |  1.6
Maces & Flails | 1 |  1.6
Staves         | 1 |  1.6
Slings         | 1 |  1.6
Bows           | 1 |  1.6
Crossbows      | 1 |  1.6
Armour         | 1 |  1.6
Dodging        | 1 |  1.6
Shields        | 1 |  1.6
Unarmed Combat | 1 |  1.6
Conjurations   | 1 |  1.2
Hexes          | 1 |  1.2
Summonings     | 1 |  1.2
Necromancy     | 1 |  1.2
Translocations | 1 |  1.2
Transmutations | 1 |  1.2
Ice Magic      | 1 |  1.2
Air Magic      | 1 |  1.2
Earth Magic    | 1 |  1.2
Poison Magic   | 1 |  1.2
Throwing       | 3 |  3.0
Evocations     | 3 |  3.0
Fighting       | |  4.8
Polearms       | |  4.8
Stealth        | |  2.8

Action                   |  1- 3 |  4- 6 || total
-------------------------+-------+-------++-------
Melee: Short sword       |    37 |    28 ||    65
       Bite              |     2 |       ||     2
       Punch             |       |     1 ||     1
       Club              |       |     2 ||     2
 Cast: Foxfire           |    61 |    56 ||   117
  Use: Scroll            |     3 |       ||     3
       Potion            |       |     2 ||     2
Armor: Robe              |    10 |       ||    10
       Leather armour    |     6 |    20 ||    26
Dodge: Dodged            |    32 |    28 ||    60
